 Dungeon Crawl Stone Soup version 0.32-a0-120-gfac0567ad4 (webtiles) character file.

Game seed: 4439299862922081898

165 lunkers the Poker (level 5, 0/55 HPs)
             Began as an Oni Gladiator on Feb 2, 2024.
             Slain by Grinder (6 damage)
             ... while paralysed by Grinder
             ... on level 3 of the Dungeon on Feb 6, 2024.
             The game lasted 00:03:58 (1899 turns).

lunkers the Poker (Oni Gladiator)                   Turns: 1899, Time: 00:03:59

Health: 0/55       AC:  3    Str: 20    XL:     5   Next: 46%
Magic:  5/5        EV:  1    Int:  9    God:
Gold:   109        SH:  0    Dex: 10    Spells: 4/4 levels left

rFire   . . .        a - +0 trident
rCold   . . .        (no shield)
rNeg    . . .        b - +0 robe
rPois   .            c - +0 hat
rElec   .            (no cloak)
rCorr   .            (gloves unavailable)
SInv    .            (boots unavailable)
Will    .....        (no amulet)
Stlth   +            l - ring of wizardry
HPRegen 0.29/turn    q - +5 ring of evasion
MPRegen 0.09/turn

%: wizardry (x1)
@: paralysed
A: large, unfitting armour, horns 1, tough skin 1, double potion healing,
drunken brawling
a: no special abilities


You were on level 3 of the Dungeon.
You visited 1 branch of the dungeon, and saw 3 of its levels.

You collected 109 gold pieces.

Inventory:

Hand Weapons
 a - a +0 trident (weapon)
Missiles
 d - 3 throwing nets
 e - a large rock
Armour
 b - a +0 robe (worn)
 c - a +0 hat (worn)
Jewellery
 l - a ring of wizardry (left hand)
 q - a +5 ring of evasion (right hand)
Wands
 r - a wand of flame (25)
Scrolls
 g - a scroll of brand weapon {unknown}
 h - 2 scrolls of vulnerability {unknown}
 i - 2 scrolls of teleportation {unknown}
 k - a scroll of silence {unknown}
 m - a scroll of identify {unknown}
 p - a scroll of revelation {unknown}
Potions
 f - a potion of berserk rage {unknown}
 j - a potion of might {unknown}
 n - a potion of curing {unknown}
 o - a potion of heal wounds {unknown}


   Skills:
 + Level 4.7 Fighting
 * Level 5.1 Polearms
 - Level 2.0 Throwing
 - Level 2.6 Dodging


You had 4 spell levels left.
You didn't know any spells.
Your spell library contained the following spells:

 Spells                   Type           Power      Damage    Failure   Level
 Ozocubu's Armour         Ice            0%         N/A       43%         3
 Metabolic Englaciation   Hex/Ice        0%         N/A       98%         5
 Sculpt Simulacrum        Ice/Alch       0%         N/A       100%        6


Dungeon Overview and Level Annotations

Branches:
Dungeon (3/15)

Altars:

Annotations:
D:3 Grinder


Innate Abilities, Weirdness & Mutations

You are too large for most types of armour.
You have a pair of small horns on your head.
You have tough skin. (AC +1)
You gain doubled healing and magic from potions.
Whenever you drink a healing potion, you attack all around you.


Message History

You are too injured to fight recklessly!
You are too injured to fight recklessly!
Grinder gestures at you. Pain shoots through your body!
* * * LOW HITPOINT WARNING * * *
Reach: a) +0 trident
Press: ? - help, Dir - move target, f - you, p - Grinder
Okay, then.
Grinder blinks!
Reach: a) +0 trident
Press: ? - help, Dir - move target, f - you, p - Grinder That would be overly suicidal.
Okay, then.
Unknown command.
Grinder says, "Wait up."
Reach: a) +0 trident
Press: ? - help, Dir - move target, f - Grinder
Aim: Grinder (severely wounded, about 45% to evade your +0 trident)
You barely miss Grinder.
Grinder is severely wounded.
Grinder hits you.
* * * LOW HITPOINT WARNING * * *
You writhe in agony.
* * * LOW HITPOINT WARNING * * *
Reach: a) +0 trident
Press: ? - help, Dir - move target, f/p - Grinder
Aim: Grinder (severely wounded, about 45% to evade your +0 trident)
You puncture Grinder!
Grinder is almost dead.
Grinder blinks!
Unknown command.
Unknown command.
Grinder gestures at you.
You suddenly lose the ability to move!
Grinder barely misses you. Grinder hits you.
* * * LOW HITPOINT WARNING * * *
You writhe in agony.
You die...
Grinder says, "Now the real fun starts!"

#. #. # #. .# #.
##.# #. #...
#.#..#####
#..5......
####@######.
###.......<...
##......#######
###..#.#........
###...##.#.#######
#...####.#.# #
#.### #)#.#
#.#^#.######.#.#
#..........#.#.#


You could see Grinder.

Vanquished Creatures
  A hound (D:2)
  Jessica (D:3)
  2 gnolls
  4 adders (D:2)
  A dart slug (D:1)
  2 ribbon worms (D:2)
  4 ball pythons (D:2)
  8 endoplasms
  2 giant cockroaches
  A goblin (D:2)
  5 hobgoblins
  A quokka (D:1)
  4 bats
  5 frilled lizards
  3 kobolds
  6 rats
50 creatures vanquished.

Notes
Turn   | Place    | Note
-------+----------+-------------------------------------------
     0 | D:1      | lunkers the Oni Gladiator began the quest for the Orb.
     0 | D:1      | Reached XP level 1. HP: 22/22 MP: 1/1
   121 | D:1      | Reached XP level 2. HP: 31/31 MP: 2/2
   451 | D:1      | Reached XP level 3. HP: 37/37 MP: 3/3
   809 | D:2      | Reached skill level 4 in Polearms
   887 | D:2      | Reached XP level 4. HP: 35/48 MP: 4/4
  1181 | D:2      | Reached XP level 5. HP: 39/55 MP: 5/5
  1398 | D:2      | Upgraded the game from 0.32-a0-42-ga30500b4d3 to
                  | 0.32-a0-120-gfac0567ad4
  1641 | D:2      | Reached skill level 5 in Polearms
  1850 | D:3      | Noticed Jessica
  1857 | D:3      | Killed Jessica
  1879 | D:3      | Noticed Grinder
  1896 | D:3      | Paralysed by Grinder for 4 turns
  1899 | D:3      | Slain by Grinder

Illustrated notes

Levels and vault maps discovered:
D:1:      dpeg_arrival_renting, layout_loops_ring, hex_medium
D:2:      minmay_evil_eye, layout_rooms, kennysheep_path_1, corexii_corridor_pit
D:3:      layout_basic, uniq_grinder, uniq_natasha, uniq_jessica

Skill      XL: |  1  2  3  4  5 |
---------------+----------------+-----
Fighting       | 3 4 |  4.7
Polearms       | 4 5 |  5.1
Throwing       | |  2.0
Dodging        | |  2.6

Action                     |  1- 3 |  4- 6 || total
---------------------------+-------+-------++-------
  Melee: Trident           |    71 |    85 ||   156
         Headbutt          |     7 |    12 ||    19
         Punch             |     2 |     2 ||     4
   Stab: Sleeping          |     3 |     2 ||     5
 Armour: Robe              |    32 |    38 ||    70
  Dodge: Dodged            |    29 |    24 ||    53

Table legend: (Time is in decaauts)
 A = Elapsed time spent in this place.
 B = Non-inter-level travel time spent in this place.
 C = Inter-level travel time spent in this place.
 D = Time resting spent in this place.
 E = Time spent auto-exploring this place.
 F = Levels seen in this place.
 G = Mean time per level.
                   A        B        C        D        E       F      G
               +--------+--------+--------+--------+--------+-----+--------+
         Total |   1911 |   1829 |     82 |      0 |   1505 |   3 |  637.0 |
       Dungeon |   1911 |   1829 |     82 |      0 |   1505 |   3 |  637.0 |
               +--------+--------+--------+--------+--------+-----+--------+

Top non-repeatable levels by time:
     D:2: 1003 daAuts
     D:1: 800 daAuts
     D:3: 106 daAuts
